 Dungeon Crawl Stone Soup version 0.27.1-34-g3ba077fa99 (webtiles) character file.

Game seed: 15909359417925704538

67 cbfl8 the Sneak (level 3, -2/34 HPs)
             Began as a Minotaur Delver on Jan 26, 2022.
             Slain by an orc wizard (4 damage)
             ... on level 3 of the Dungeon.
             The game lasted 00:02:56 (1427 turns).

cbfl8 the Sneak (Minotaur Delver)                   Turns: 1427, Time: 00:02:57

Health: -2/34      AC:  3    Str: 17    XL:     3   Next: 98%
Magic:  2/2        EV: 12    Int:  7    God:
Gold:   32         SH:  0    Dex: 11    Spells: 2/2 levels left

rFire    . . .     SeeInvis .   a - +0 hand axe
rCold    . . .     Faith    .   (no shield)
rNeg     . . .     Spirit   .   b - +0 leather armour
rPois    .         Reflect  .   (helmet restricted)
rElec    .         Harm     .   (no cloak)
rCorr    .         Rampage  .   (no gloves)
Will     .....                  (no boots)
Stlth    ++........             (no amulet)
HPRegen  0.11/turn              (no ring)
MPRegen  0.08/turn              (no ring)

@: hasted, very quick
A: horns 2, retaliatory headbutt
a: no special abilities


You were on level 3 of the Dungeon.
You visited 1 branch of the dungeon, and saw 3 of its levels.

You collected 32 gold pieces.

Inventory:

Hand Weapons
 a - a +0 hand axe (weapon)
Armour
 b - a +0 leather armour (worn)
Wands
 g - a wand of digging (3)
Scrolls
 c - a scroll of fog
 d - a scroll of magic mapping
 e - a scroll of fear
 h - 2 scrolls of teleportation {unknown}
 k - 2 scrolls of identify {unknown}
Potions
 f - a potion of haste
 i - a potion of mutation {unknown}
 j - a potion of curing {unknown}


   Skills:
 + Level 4.3 Fighting
 + Level 3.0 Axes
 + Level 1.1 Armour
 + Level 2.3 Dodging
 + Level 4.7 Stealth


You had 2 spell levels left.
You didn't know any spells.
Your spell library contained the following spells:

 Spells                   Type           Power      Damage    Failure   Level
 Tukima's Dance           Hex            0%         N/A       86%         3
 Passage of Golubria      Tloc           N/A        N/A       99%         4
 Yara's Violent Unravell  Hex/Tmut       0%         3d3       100%        5


Dungeon Overview and Level Annotations

Branches:
Dungeon (5/15)
 Temple: D:4-7

Altars:


Innate Abilities, Weirdness & Mutations

You have a pair of horns on your head.
You reflexively headbutt those who attack you in melee.


Message History

The hobgoblin is severely wounded.
You hit the dart slug.
You kill the dart slug!
You hit the orc wizard but do no damage.
You feel sick. The hobgoblin hits you.
The orc wizard mumbles some strange words.
The orc wizard flickers and vanishes!
Deactivating autopickup; reactivate with Ctrl-A.
The orc hits you with a +0 club.
You closely miss the hobgoblin.
The hobgoblin is severely wounded.
You hit the orc. You hit something but do no damage.
You feel sick. The hobgoblin barely misses you. You furiously retaliate!
You headbutt the hobgoblin!
You kill the hobgoblin!
Something hits you but does no damage. The orc hits you with a +0 club.
* * * LOW HITPOINT WARNING * * *
You feel sick.
You are no longer poisoned.
The worm barely misses you. Something hits you but does no damage.
The orc closely misses you.
You see here a +0 club.
Unknown command.
Found a book of Minor Magic.
Something hits you.
* * * LOW HITPOINT WARNING * * *
The orc barely misses you. You furiously retaliate!
You headbutt the orc, but do no damage. The worm misses you.
You furiously retaliate!
You headbutt the worm!
Unknown command.
You hear some strange, mumbled words.
You are confused.
You're too confused to move!
The worm closely misses you.
Found a stone staircase leading up.
You feel less confused. Something hits you.
* * * LOW HITPOINT WARNING * * *
The orc hits you with a +0 club.
* * * LOW HITPOINT WARNING * * *
You feel yourself speed up. The orc closely misses you. Something hits you.
You die...

#.#.....(......
.#.#.#†).........
................#
.....#..........#
................####
.....#..............
.....#...........#
.................###
............w..o@..#
.......:.......{##.#
..............### ..
#....#...#.......
...
########..........
... ..##.....## ..
..###.....# . ###
#......


You could see a worm and an orc.

Vanquished Creatures
  An orc wizard (D:3)
  2 adders
  An adder skeleton (D:5)
  A dart slug (D:3)
  5 orcs
  2 hobgoblins (D:3)
  A kobold (D:3)
  A ball python (D:3)
  A bat (D:3)
  A frilled lizard (D:3)
  A rat (D:3)
17 creatures vanquished.

Vanquished Creatures (others)
  A plant (D:4)
1 creature vanquished.

Grand Total: 18 creatures vanquished

Notes
Turn   | Place    | Note
-------+----------+-------------------------------------------
     0 | D:5      | cbfl8 the Minotaur Delver began the quest for the Orb.
     0 | D:5      | Reached XP level 1. HP: 19/19 MP: 0/0
   199 | D:5      | Reached XP level 2. HP: 22/27 MP: 1/1
   248 | D:5      | Noticed a vampire mosquito
   248 | D:5      | Noticed a scorpion
  1061 | D:3      | Reached XP level 3. HP: 33/33 MP: 2/2
  1088 | D:3      | Reached skill level 1 in Armour
  1417 | D:3      | HP: 1/34 [something (3)]
  1427 | D:3      | Slain by an orc wizard

Illustrated notes

Levels and vault maps discovered:
D:3:      layout_rooms
D:4:      cheibrodos_old_hovel, layout_cave_pools, uniq_sigmund
D:5:      minmay_chambers_of_fours, layout_loops_corners, serial_rivers,
          chequers_serial_rivers_micro_a, chequers_serial_rivers_micro_e,
          chequers_serial_rivers_room_a, chequers_serial_rivers_micro_c,
          chequers_serial_rivers_micro_b, chequers_serial_rivers_micro_d,
          uniq_menkaure

Skill      XL: |  1  2  3 |
---------------+----------+-----
Fighting       | 4 |  4.3
Armour         | 1 |  1.1
Axes           | 3 |  3.0
Dodging        | |  2.3
Stealth        | |  4.7

Action                   || total
-------------------------++-------
Melee: Hand axe          ||    48
       Headbutt          ||     6
  Use: Potion            ||     1
Armor: Leather armour    ||    11
Dodge: Dodged            ||    42
